 Dungeon Sprint DCSS version 0.29.1-15-g9cfb28693d (webtiles) character file.

Game seed: 2524757151556970796

0 Ast3rio the Chopper (level 2, 28/29 HPs)
             Began as a Minotaur Berserker on Mar 15, 2023.
             Was a Believer of Trog.
             Quit the game in the Dungeon (Sprint VI: "Thunderdome").
             The game lasted 00:00:28 (148 turns).

Ast3rio the Chopper (Minotaur Berserker)             Turns: 148, Time: 00:00:28

Health: 28/29      AC:  2    Str: 21    XL:     2   Next: 20%
Magic:  1/1        EV: 12    Int:  4    God:    Trog [**....]
Gold:   200        SH:  0    Dex:  9    Spells: 1/1 levels left

rFire   . . .      SeeInvis .   a - +0 hand axe
rCold   . . .      Faith    .   (no shield)
rNeg    . . .      Spirit   .   b - +0 animal skin
rPois   .          Reflect  .   (helmet restricted)
rElec   .          Harm     .   (no cloak)
rCorr   .          Rampage  .   (no gloves)
Will    .....      NoTele   +   (no boots)
Stlth   +.........              (no amulet)
HPRegen 0.09/turn               (no ring)
MPRegen 0.07/turn               (no ring)

@: no status effects
A: horns 2, retaliatory headbutt
a: Renounce Religion, Berserk, Trog's Hand


You were in the Dungeon.
You worshipped Trog.
Trog was pleased with you.
You visited 1 branch You collected 200 gold pieces.

Inventory:

Hand Weapons
 a - a +0 hand axe (weapon)
Armour
 b - a +0 animal skin (worn)
Wands
 j - a wand of acid (5)
 k - a wand of iceblast (5)
Scrolls
 h - 4 scrolls of blinking
 l - 3 scrolls of butterflies
Potions
 c - a potion of curing
 d - 4 potions of heal wounds
 e - 4 potions of haste
 f - 2 potions of magic
 g - a potion of berserk rage
 i - a potion of resistance


   Skills:
 + Level 5.0 Fighting
 + Level 5.0 Axes
 + Level 3.0 Armour
 + Level 2.7 Dodging


You had one spell level left.
You didn't know any spells.
Your spell library was empty.

Dungeon Overview and Level Annotations

Branches:
Dungeon (1/1)

Altars:
Cheibriados
Dithmenos
Fedhas
Kikubaaqudgha
Qazlal
Sif Muna
Trog
Uskayaw
Vehumet
The Shining One

Shops:
D ??:(


Innate Abilities, Weirdness & Mutations

You have a pair of horns on your head.
You reflexively headbutt those who attack you in melee.


Message History

You slash the orc!
You kill the orc!
Trog accepts your kill.
Your Axes skill increases to level 5!
Your Armour skill increases to level 3!
No target in view!
No target in view!
No target in view!
No target in view!
No target in view!
No target in view!
No target in view!
No target in view!
No target in view!
No target in view!
No target in view!
No target in view!
No target in view!
No target in view!
No target in view!
No target in view!
No target in view!
No target in view!
No target in view!
A kobold comes into view. It is wielding a +1 dagger of speed.
The kobold shouts!
You hit the kobold but do no damage.
You headbutt the kobold, but do no damage.
The kobold barely misses you.
You miss the kobold. Your headbutt misses the kobold. 50...
The kobold completely misses you. You furiously retaliate!
You headbutt the kobold.
You kill the kobold!
Trog accepts your kill.
You can now call upon Trog for regeneration and willpower.
Your Fighting skill increases to level 5!
Things that are here:
a +1 dagger of speed; a kobold corpse Unknown command.
Are you sure you want to abandon this character and quit the game? (Confirm with "yes".)

##.....## ##∩.....∩##
#∩.......∩#
#_......._#
#_......._#
#_......._#
###.)....†..###
#⌠...........⌠#
#.8......@..8.###
_.......###......___
......8.# #.8........
........###..........
.....###...###.......
..... #.<.# .......
... #...# .......
..###.. ...... ..8.
.8.. ...


There were no monsters in sight!

Vanquished Creatures
  An adder (D)
  An orc (D)
  A kobold (D)
3 creatures vanquished.

Notes
Turn   | Place    | Note
-------+----------+-------------------------------------------
     0 | D        | Ast3rio the Minotaur Berserker began the quest for the Orb.
     0 | D        | Reached XP level 1. HP: 19/19 MP: 0/0
     1 | D        | Found a shadowy altar of Dithmenos.
     1 | D        | Found a radiant altar of Vehumet.
     2 | D        | Found a blossoming altar of Fedhas.
     2 | D        | Found a bloodstained altar of Trog.
     3 | D        | Found a hide-covered altar of Uskayaw.
     3 | D        | Found a snail-covered altar of Cheibriados.
     4 | D        | Found an ancient bone altar of Kikubaaqudgha.
     4 | D        | Found a glowing golden altar of the Shining One.
     4 | D        | Found Joufuast's Staff Store.
     4 | D        | Found Ykeoq's Magic Scroll Shop.
     5 | D        | Found a stormy altar of Qazlal.
     5 | D        | Found Biute's Must-Have Magic.
     5 | D        | Found Itise's Magic Scroll Shop.
     5 | D        | Round 1.
    20 | D        | Reached XP level 2. HP: 20/28 MP: 1/1
    60 | D        | Found a shimmering blue altar of Sif Muna.
    64 | D        | Reached skill level 5 in Axes
   146 | D        | Reached ** piety under Trog
   147 | D        | Reached skill level 5 in Fighting
   148 | D        | Quit the game

Illustrated notes

Levels and vault maps discovered:
D:        arena_sprint

Skill      XL: |  1  2 |
---------------+-------+-----
Fighting       | 4 5 |  5.0
Axes           | 4 5 |  5.0
Armour         | 3 |  3.0
Dodging        | |  2.7

Action                   || total
-------------------------++-------
Melee: Hand axe          ||     8
       Headbutt          ||     1
Armor: Animal skin       ||     1
Dodge: Dodged            ||     4
